 Dungeon Crawl Stone Soup version 0.20-a0-940-g1ecfa5a (webtiles) character file.

163 JeffiDaFish the Stinger (level 5, -5/39 HPs)
             Began as a Draconian Venom Mage on Mar 30, 2017.
             Slain by an orc
             ... wielding a +0 trident
              (9 damage)
             ... on level 3 of the Dungeon.
             The game lasted 00:10:51 (2545 turns).

JeffiDaFish the Stinger (Draconian Venom Mage)      Turns: 2545, Time: 00:10:52

Health: -5/39      AC:  7    Str: 10    XL:     5   Next: 20%
Magic:  3/18       EV: 12    Int: 16    God:
Gold:   163        SH:  0    Dex: 12    Spells: 3/9 levels left

rFire    . . .     SeeInvis .   j - +1 spear
rCold    . . .     Gourm    .   (no shield)
rNeg     . . .     Faith    .   (armour unavailable)
rPois    .         Spirit   .   (helmet restricted)
rElec    .         Reflect  .   g - +1 cloak
rCorr    .         Harm     .   (no gloves)
MR       .....     Clarity  +   (no boots)
Stlth    ++........             (no amulet)
Regen    0.2/turn               d - ring of wizardry
MPRegen  0.2/turn               l - ring of magical power

@: no status effects
A: unfitting armour, fangs 1, clarity, sense surroundings 1, cold-blooded, AC +5
a: no special abilities


You were on level 3 of the Dungeon.
You were hungry.

You visited 1 branch of the dungeon, and saw 3 of its levels.

You collected 163 gold pieces.

Inventory:

Hand Weapons
 j - a +1 spear (weapon)
Armour
 g - a +1 cloak (worn)
Jewellery
 d - a ring of wizardry (left hand)
 l - a ring of magical power (right hand)
Potions
 c - a potion of ambrosia
 i - a potion of curing
Books
 a - a Young Poisoner's Handbook

   Spells                             Type                      Level
   a - Sting                          Conjuration/Poison           1
   b - Poisonous Vapours              Poison/Air                   2
   c - Mephitic Cloud                 Conjuration/Poison/Air       3
   d - Olgreb's Toxic Radiance        Poison                       4
   e - Venom Bolt                     Conjuration/Poison           5
Comestibles
 b - a bread ration
 f - 2 royal jellies
 h - a fruit


   Skills:
 + Level 0.7 Fighting
 + Level 1.1 Polearms
 + Level 2.2 Dodging
 - Level 2.1 Stealth
 - Level 0.4 Unarmed Combat
 * Level 2.9 Spellcasting
 * Level 2.5 Conjurations
 + Level 0.6 Air Magic
 + Level 3.7 Poison Magic


You had 3 spell levels left.
You knew the following spells:

 Your Spells              Type           Power        Failure   Level  Hunger
a - Sting                 Conj/Pois      ##..         3%          1    #......
b - Poisonous Vapours     Pois/Air       #.....       6%          2    ##.....
c - Mephitic Cloud        Conj/Pois/Air  #.......     9%          3    ###....


Dungeon Overview and Level Annotations

Branches:
Dungeon (3/15)

Altars:
Fedhas


Innate Abilities, Weirdness & Mutations

Your plain brown scales are hard. (AC +5)
You cannot fit into any form of body armour.
You are cold-blooded and may be slowed by cold attacks.
You have very sharp teeth.
You possess an exceptional clarity of mind.
You passively map a small area around you.


Message History

Confirm with . or Enter, or press ? or * to list all spells.
Aiming: Poisonous Vapours
Press: ? - help, Dir - move target cursor, f/p - orc
Aim: an orc, wielding a short sword and wearing a leather armour (heavily wounded) Poisonous vapours surround the orc!
The orc barely misses you. x2
The orc is engulfed in poison gas.
The orc is poisoned.
You kill the orc!
Casting: Poisonous Vapours
Confirm with . or Enter, or press ? or * to list all spells.
Aiming: Poisonous Vapours
Press: ? - help, Dir - move target cursor, f - orc
Aim: an orc, wielding a war axe Poisonous vapours surround the orc!
The orc is engulfed in poison gas.
The orc is poisoned.
The orc hits you with a war axe.
* * * LOW HITPOINT WARNING * * *
The orc hits you from afar with a trident.
* * * LOW HITPOINT WARNING * * *
You kill the orc!
The orc hits you from afar with a trident!
You die...

* * * #.#.# ,,
#.* #.#.# *
#.# ##.#.#
##.#####....#
* *
,...#.....###
*#..#.##.##
######..#.##.#
.....#..#=##.#
* #....@..<.#
###.)#<####
#.o#.# #)†#.#
* #.†#.#
,...#.#
,.##)#.# ..
....# .. #.###


You could see an orc.

Vanquished Creatures
  An orc priest (D:3)
  Robin (D:2)
  3 adders
  An ooze (D:2)
  2 worms
  2 dart slugs (D:1)
  3 leopard geckos (D:2)
  4 orcs (D:3)
  A ball python (D:1)
  7 giant cockroaches
  10 goblins
  12 hobgoblins
  2 jackals (D:2)
  7 bats
  3 frilled lizards (D:1)
  5 kobolds
  7 rats
71 creatures vanquished.

Notes
Turn   | Place    | Note
-------+----------+-------------------------------------------
     0 | D:1      | JeffiDaFish the Draconian Venom Mage began the quest for the Orb.
     0 | D:1      | Reached XP level 1. HP: 14/14 MP: 3/3
   116 | D:1      | Gained mutation: You possess an exceptional clarity of mind. [potion of mutation]
   116 | D:1      | Gained mutation: You passively map a small area around you. [potion of mutation]
   116 | D:1      | Gained mutation: You have very sharp teeth. [potion of mutation]
   200 | D:1      | Reached XP level 2. HP: 17/20 MP: 0/5
   531 | D:1      | Learned a level 2 spell: Poisonous Vapours
   729 | D:1      | Reached XP level 3. HP: 24/26 MP: 0/6
  1118 | D:2      | Found a blossoming altar of Fedhas.
  1322 | D:2      | Reached XP level 4. HP: 29/33 MP: 0/8
  1469 | D:2      | Noticed Robin
  1532 | D:2      | Killed Robin
  1877 | D:2      | Learned a level 3 spell: Mephitic Cloud
  2538 | D:3      | Reached skill level 1 in Polearms
  2538 | D:3      | Reached XP level 5. HP: 17/39 MP: 7/9
  2545 | D:3      | Slain by an orc

Vault maps used:
D:1:      sevenhm_arrival_forest_fort_small_4, minmay_tetromino_t2
D:2:      old_standard_altar, hangedman_decor_slide_cut,
          kennysheep_generic_room_15, uniq_robin
D:3:      nicolae_ru_great_annihilating_truth

Skill      XL: |  1  2  3  4 |
---------------+-------------+-----
Stealth        | 2 |  2.1
Dodging        | 2 |  2.2
Conjurations   | 2 |  2.5
Polearms       | 1 |  1.1
Fighting       | |  0.7
Unarmed Combat | |  0.4
Spellcasting   | |  2.9
Air Magic      | |  0.6
Poison Magic   | |  3.7

Action                   |  1- 3 |  4- 6 || total
-------------------------+-------+-------++-------
Melee: Unarmed           |    37 |       ||    37
       Tailslap          |     4 |    10 ||    14
       Bite              |     6 |     3 ||     9
       Spear             |    42 |    78 ||   120
 Cast: Sting             |    63 |     9 ||    72
       Poisonous Vapours |     6 |    17 ||    23
       Mephitic Cloud    |       |     1 ||     1
  Use: Potion            |     5 |     2 ||     7
       Scroll            |     6 |     8 ||    14
 Stab: Sleeping          |     1 |     1 ||     2
  Eat: Chunk             |     2 |     5 ||     7
Armor: Skin              |    28 |    27 ||    55
Dodge: Dodged            |    59 |    58 ||   117
